 Dungeon Crawl Stone Soup version 0.31.0-32-g396128a36d (webtiles) character file.

Game seed: 450186590666350622

138 spaghetti the Shooter (level 5, -21/45 HPs)
             Began as a Naga Hunter on Mar 12, 2024.
             Demolished by Sigmund
             ... wielding a +5 scythe of distortion
              (22 damage)
             ... on level 3 of the Dungeon.
             The game lasted 00:03:36 (2596 turns).

spaghetti the Shooter (Naga Hunter)                 Turns: 2596, Time: 00:03:37

Health: -21/45     AC:  7    Str: 14    XL:     5   Next: 21%
Magic:  5/5        EV:  7    Int:  9    God:
Gold:   170        SH:  0    Dex: 16    Spells: 4/4 levels left

rFire   + . .        a - +0 shortbow
rCold   + . .        (shield currently unavailable)
rNeg    . . .        c - +0 leather armour
rPois   +            (no helmet)
rElec   +            (no cloak)
rCorr   +            (no gloves)
SInv    +            k - +0 barding
Will    .....        f - amulet of faith
Stlth   +            (no ring)
HPRegen 0.27/turn    (no ring)
MPRegen 0.09/turn

%: faith
@: confused, resistant, invisible, very slow
A: AC +1, large, see invisible, deformed body, poison resistance, slowness 2,
spit poison 1, naga tail 1
a: Spit Poison


You were on level 3 of the Dungeon.
You visited 1 branch of the dungeon, and saw 3 of its levels.

You collected 170 gold pieces.

Inventory:

Hand Weapons
 a - a +0 shortbow (weapon)
 b - a +1 spear of venom
Armour
 c - a +0 leather armour (worn)
 k - a +0 barding (worn)
Jewellery
 e - a ring of flight
 f - an amulet of faith (around neck)
Wands
 n - a wand of mindburst (5)
Scrolls
 d - a scroll of noise
 g - a scroll of vulnerability {unknown}
 h - 2 scrolls of butterflies
 j - a scroll of teleportation
 o - a scroll of torment


   Skills:
 - Level 2.0 Fighting
 + Level 5.8 Ranged Weapons
 - Level 1.5 Dodging
 - Level 1.5 Stealth


You had 4 spell levels left.
You didn't know any spells.
Your spell library contained the following spells:

 Spells                   Type           Power      Damage    Failure   Level
 Slow                     Hex            0%         N/A       45%         1
 Confusing Touch          Hex            0%         N/A       83%         3
 Sigil of Binding         Hex            0%         N/A       83%         3
 Vampiric Draining        Necr           0%         2d6       83%         3


Dungeon Overview and Level Annotations

Branches:
Dungeon (3/15)

Altars:

Annotations:
D:3 Sigmund


Innate Abilities, Weirdness & Mutations

Your serpentine skin is tough. (AC +1)
You have supernaturally acute eyesight. (SInv)
Armour fits poorly on your strangely shaped body.
Your system is resistant to poisons. (rPois)
You cover ground very slowly.
You can spit poison.
You have a snake-like lower body.


Message History

Aiming: Mindburst
Press: ? - help, Shift-Dir - straight line, f/p - Sigmund
Aim: Sigmund, wielding a +5 scythe of distortion and wearing a +0 robe (chance to affect: 72%) Sigmund's mind is blasted!
Sigmund hits you from afar with a +5 scythe of distortion!
Space warps around you.
Aiming: Mindburst
Press: ? - help, Shift-Dir - straight line, f/p - Sigmund
Aim: Sigmund, wielding a +5 scythe of distortion and wearing a +0 robe (severely wounded, chance to affect: 72%) Sigmund struggles to resist.
Aiming: Mindburst
Press: ? - help, Shift-Dir - straight line, f/p - Sigmund
Aim: Sigmund, wielding a +5 scythe of distortion and wearing a +0 robe (severely wounded, chance to affect: 72%) Sigmund struggles to resist.
Sigmund points at you and mumbles some strange words.
The puff of flame misses you.
Aiming: Mindburst
Press: ? - help, Shift-Dir - straight line, f/p - Sigmund
Aim: Sigmund, wielding a +5 scythe of distortion and wearing a +0 robe (severely wounded, chance to affect: 72%) Sigmund struggles to resist.
Sigmund gestures at you while chanting.
You are confused.
You are too confused!
You bump into the rock wall.
Sigmund hits you from afar with a +5 scythe of distortion.
Space warps horribly around you!
Unknown command.
You are too confused!
You bump into the rock wall.
Sigmund hits you but does no damage. Space warps around you!
* * * LOW HITPOINT WARNING * * *
Unknown command.
You fade into invisibility!
Unknown command.
You bump into the rock wall.
Sigmund hits you from afar with a +5 scythe of distortion!
* * * LOW HITPOINT WARNING * * *
Space warps horribly around you!!
You die...
Sigmund begins carving another notch in his scythe.

........# #....#..#...##
..#####.# #####.####...##
#.# #.# ####.###.....##
#.#
#.######..............
..#
#.....).....###.....##
#.#####.######.####
#...## #.......# #.# #.##
####.##.######)########.#
#.##.........@.@.....#
#.##..#####.#########
#.....# #.# ####.## #.#
#.######.# #........#
##########


You could see Sigmund (unable to see you).

Vanquished Creatures
  An iguana (D:3)
  2 adders
  2 gnolls (D:2)
  4 dart slugs
  3 ribbon worms
  11 ball pythons
  6 endoplasms
  2 giant cockroaches
  5 goblins
  5 hobgoblins
  2 jackals (D:1)
  5 kobolds
  3 quokkas
  5 bats
  A frilled lizard (D:1)
  2 rats (D:3)
59 creatures vanquished.

Notes
Turn   | Place    | Note
-------+----------+-------------------------------------------
     0 | D:1      | spaghetti the Naga Hunter began the quest for the Orb.
     0 | D:1      | Reached XP level 1. HP: 19/19 MP: 1/1
   249 | D:1      | Reached skill level 4 in Ranged Weapons
   249 | D:1      | Reached XP level 2. HP: 26/26 MP: 2/2
  1046 | D:2      | Reached XP level 3. HP: 32/32 MP: 3/3
  1480 | D:2      | Reached skill level 5 in Ranged Weapons
  1480 | D:2      | Reached XP level 4. HP: 31/39 MP: 4/4
  2273 | D:3      | Reached XP level 5. HP: 44/45 MP: 5/5
  2377 | D:3      | Noticed Sigmund
  2596 | D:3      | HP: 1/45 [Sigmund/+5 scythe of distortion (10)]
  2596 | D:3      | Demolished by Sigmund

Illustrated notes

Levels and vault maps discovered:
D:1:      lemuel_arrival_broad_hall, layout_basic, interstate_on_off
D:2:      layout_basic, minmay_three_crescents
D:3:      layout_loops_ring, minmay_mini_jars, uniq_sigmund

Skill      XL: |  1  2  3 |
---------------+----------+-----
Ranged Weapons | 4 5 |  5.8
Fighting       | |  2.0
Dodging        | |  1.5
Stealth        | |  1.5

Action                     |  1- 3 |  4- 6 || total
---------------------------+-------+-------++-------
  Melee: Spear             |       |     4 ||     4
   Fire: Shortbow          |    97 |    76 ||   173
Ability: Spit Poison       |     6 |       ||     6
  Evoke: Wand              |       |     4 ||     4
    Use: Potion            |     2 |     4 ||     6
         Scroll            |     1 |     6 ||     7
 Armour: Leather armour    |    41 |    35 ||    76
  Dodge: Dodged            |    38 |    17 ||    55
